 Dungeon Crawl Stone Soup version 0.31.0-12-g77e489cdc1 (webtiles) character file.

Game seed: 3636683155740016389

44 Ekphrasis the Chopper (level 3, -6/33 HPs)
             Began as a Hill Orc Monk on Feb 26, 2024.
             Blown up by Ijyb (20 damage)
             ... with a mindburst bolt
             ... on level 3 of the Dungeon.
             The game lasted 00:01:49 (726 turns).

Ekphrasis the Chopper (Hill Orc Monk)                Turns: 726, Time: 00:01:49

Health: -6/33      AC:  2    Str: 13    XL:     3   Next: 60%
Magic:  3/3        EV: 12    Int: 12    God:
Gold:   67         SH:  0    Dex: 13    Spells: 2/2 levels left

rFire   . . .        a - +1 hand axe
rCold   . . .        d - orb {light}
rNeg    . . .        b - +0 robe
rPois   .            (no helmet)
rElec   .            (no cloak)
rCorr   .            (no gloves)
SInv    .            (no boots)
Will    .....        (no amulet)
Stlth   +            (no ring)
HPRegen 0.25/turn    (no ring)
MPRegen 0.08/turn

%: no passive effects
@: glowing
A: no striking features
a: no special abilities


You were on level 3 of the Dungeon.
You visited 1 branch of the dungeon, and saw 3 of its levels.

You collected 67 gold pieces.

Inventory:

Hand Weapons
 a - a +1 hand axe (weapon)
Armour
 b - a +0 robe (worn)
 d - an orb of light (worn)
Talismans
 e - a flux talisman
 j - a blade talisman
Wands
 f - a wand of iceblast (8)
 h - a wand of polymorph (5)
Potions
 c - a potion of brilliance {unknown}
 g - 2 potions of degeneration
 i - a potion of lignification {unknown}
 k - 2 potions of mutation {unknown}


   Skills:
 * Level 4.0 Fighting
 * Level 4.6 Axes
 * Level 0.8 Armour
 * Level 2.7 Dodging
 * Level 0.3 Stealth
 * Level 0.4 Spellcasting
 * Level 0.3 Evocations


You had 2 spell levels left.
You didn't know any spells.
Your spell library was empty.

Dungeon Overview and Level Annotations

Branches:
Dungeon (3/15)

Altars:

Annotations:
D:3 Ijyb


Message History

You slash the ribbon worm!
The ribbon worm is heavily wounded.
You completely miss the ribbon worm.
The ribbon worm is heavily wounded.
The ribbon worm barely misses you.
You hit the ribbon worm.
The ribbon worm is heavily wounded.
The ribbon worm expels a string of sticky webbing.
The stream of webbing misses you.
You hit the ribbon worm.
The ribbon worm is severely wounded.
The ribbon worm barely misses you.
You hit the ribbon worm.
The ribbon worm is severely wounded.
You hit the goblin. The ribbon worm misses you.
The goblin hits you with a +0 dagger.
You hit the ribbon worm.
The ribbon worm is severely wounded.
You hit the goblin.
You kill the goblin!
The ribbon worm bites you!
You slash the ribbon worm!
You kill the ribbon worm!
Found a dark potion.
You see here a ribbon worm corpse.
Found 9 gold pieces.
You see here a blade talisman.
j - a blade talisman
Found 12 gold pieces.
You now have 67 gold pieces (gained 10).
Found a stone staircase leading up.
k - 2 metallic yellow potions Ijyb the Twisted Goblin comes into view.
She is wielding a +0 dagger, wearing a +4 scale mail of fire resistance and carrying a wand of mindburst.
Ijyb shouts!
Ijyb zaps a wand.
You barely resist.
You see here 9 gold pieces.
Ijyb zaps a wand.
Your mind is blasted!
Ijyb zaps a wand.
Your mind is blasted!
Ouch! That really hurt!
You die...

#....# .#####....# # .
..........#.####
..#######......>..#.....
.....$...##...........#
#................#####
##..<.............##
#...............†).#####
........@.............!.
##......................
#......................
#.g....................
##..............#......
##.....##.....##......
############## ......
......


You could see Ijyb.

Vanquished Creatures
  2 adders
  2 dart slugs
  A ribbon worm (D:3)
  2 endoplasms
  A giant cockroach (D:2)
  2 goblins
  2 jackals (D:1)
  A quokka (D:2)
  3 ball pythons
  A kobold (D:2)
  3 rats
20 creatures vanquished.

Notes
Turn   | Place    | Note
-------+----------+-------------------------------------------
     0 | D:1      | Ekphrasis the Hill Orc Monk began the quest for the Orb.
     0 | D:1      | Reached XP level 1. HP: 19/19 MP: 1/1
   106 | D:1      | Reached XP level 2. HP: 18/27 MP: 2/2
   514 | D:2      | Reached XP level 3. HP: 33/33 MP: 3/3
   723 | D:3      | Noticed Ijyb
   726 | D:3      | Blown up by Ijyb

Illustrated notes

Levels and vault maps discovered:
D:1:      dpeg_arrival_boxorama, layout_rooms
D:2:      minmay_alternating_diamond, layout_loops_corners,
          nicolae_ecumenical_snake_handling, basic_altar
D:3:      layout_rooms, elyvilon_altar_1, mainiacjoe_overflow_cross_hatched,
          uniq_ijyb

Skill      XL: |  1  2  3 |
---------------+----------+-----
Fighting       | 4 |  4.0
Axes           | |  4.6
Armour         | |  0.8
Dodging        | |  2.7
Stealth        | |  0.3
Spellcasting   | |  0.4
Evocations     | |  0.3

Action                     || total
---------------------------++-------
  Melee: Hand axe          ||    49
    Use: Potion            ||     1
         Scroll            ||     3
 Armour: Robe              ||    46
  Dodge: Dodged            ||    36
